 Dungeon Crawl Stone Soup version 0.23-a0-729-g94ec0301e6 (webtiles) character file.

32 ilii the Vexing (level 3, -8/28 HPs)
             Began as a Gnoll Arcane Marksman on Jan 17, 2019.
             Killed from afar by a jackal (32 damage)
             ... with an exploding inner flame
             ... hexed by the player character
             ... on level 2 of the Dungeon.
             The game lasted 00:02:56 (1050 turns).

ilii the Vexing (Gnoll Arcane Marksman)             Turns: 1050, Time: 00:02:57

Health: -8/28      AC:  6    Str: 12    XL:     3   Next: 27%
Magic:  2/7        EV: 14    Int: 16    God:
Gold:   137        SH:  0    Dex: 15    Spells: 3/7 levels left

rFire    . . .     SeeInvis .   b - +0 mace
rCold    . . .     Gourm    .   (no shield)
rNeg     . . .     Faith    .   h - +0 leather armour
rPois    .         Spirit   .   (no helmet)
rElec    .         Reflect  .   (no cloak)
rCorr    .         Harm     .   (no gloves)
MR       .....                  m - +2 pair of boots
Stlth    +.........             (no amulet)
HPRegen  0.09/turn              (no ring)
MPRegen  0.10/turn              (no ring)

@: very slightly contaminated
A: distributed training, fangs 1, strong nose
a: no special abilities


You were on level 2 of the Dungeon.
You were not hungry.

You visited 1 branch of the dungeon, and saw 2 of its levels.

You collected 137 gold pieces.

Inventory:

Hand Weapons
 a - a +0 hand crossbow
 b - a +0 mace (weapon)
Missiles
 d - 40 bolts
Armour
 h - a +0 leather armour (worn)
 m - a +2 pair of boots (worn)
Jewellery
 e - an uncursed ring of positive energy {unknown}
Scrolls
 j - a scroll of identify {unknown}
 k - a scroll of remove curse {unknown}
 l - a scroll of teleportation {unknown}
 p - a scroll of amnesia {unknown}
Potions
 c - a potion of haste {unknown}
 g - a potion of ambrosia {unknown}
 i - 2 potions of heal wounds {unknown}
 o - a potion of magic {unknown}
Comestibles
 f - 3 rations
 n - 4 chunks of flesh


   Skills:
 + Level 2.5 Fighting
 + Level 0.6 Short Blades
 + Level 0.6 Long Blades
 + Level 0.6 Axes
 + Level 0.6 Maces & Flails
 + Level 0.6 Polearms
 + Level 0.6 Staves
 + Level 0.6 Slings
 + Level 0.6 Bows
 + Level 4.5 Crossbows
 + Level 0.6 Throwing
 + Level 0.6 Armour
 + Level 4.5 Dodging
 + Level 0.6 Stealth
 + Level 0.6 Shields
 + Level 0.6 Unarmed Combat
 + Level 2.8 Spellcasting
 + Level 0.4 Conjurations
 + Level 5.4 Hexes
 + Level 0.4 Charms
 + Level 0.4 Summonings
 + Level 0.4 Necromancy
 + Level 0.4 Translocations
 + Level 0.4 Transmutations
 + Level 0.4 Fire Magic
 + Level 0.4 Ice Magic
 + Level 0.4 Air Magic
 + Level 0.4 Earth Magic
 + Level 0.4 Poison Magic
 + Level 0.8 Invocations
 + Level 0.6 Evocations


You had 3 spell levels left.
You knew the following spells:

 Your Spells              Type           Power        Failure   Level  Hunger
b - Corona                Hex            ###....      2%          1    #......
x - Inner Flame           Hex/Fire       ##......     22%         3    ###....

Your spell library contained the following spells:

 Spells                   Type           Power        Failure   Level  Hunger
 Slow                     Hex            ###.....     4%          2    ##.....
 Portal Projectile        Hex/Tloc       ##....       22%         3    ###....
 Cause Fear               Hex            ###.......   26%         4    #####..
 Leda's Liquefaction      Hex/Erth       ##........   58%         4    #####..


Dungeon Overview and Level Annotations

Branches:
Dungeon (2/15)

Altars:
Okawaru

Annotations:
D:2 1 runed door


Innate Abilities, Weirdness & Mutations

Your experience applies equally to all skills.
You have very sharp teeth.
Your uncanny sense of smell can sniff out nearby items.


Message History

The jackal bites you but does no damage.
The jackal barely misses you. The jackal closely misses you. x2
The jackal bites you but does no damage.
The jackal misses you.
You hit the jackal.
The jackal is moderately wounded.
The jackal misses you. The jackal closely misses you.
The jackal bites you but does no damage.
You hit the jackal.
The jackal is heavily wounded.
The jackal misses you.
The jackal bites you but does no damage.
The jackal closely misses you. The jackal barely misses you.
You hit the jackal.
The jackal explodes!
The fiery explosion engulfs the kobold.
You kill the kobold!
The fiery explosion engulfs you!
Ouch! That really hurt!
You die...

'...##.......# .#
..K......=...###.##
...................
##...##..........#
#.....#........).#
h.._.............#
#.....#..........+
##...##...§h§....#
..........§§@....#
#.....####§#######
.................#
∆
####............##
#............#
#.(....÷(....# #+#
#)...........# #.##
#............# ##.#
#............##
#.##


You could see a jackal.

Vanquished Creatures
  A dart slug (D:2)
  A ball python (D:1)
  3 goblins (D:1)
  5 hobgoblins (D:1)
  3 jackals (D:2)
  7 kobolds
  3 bats
  4 rats
27 creatures vanquished.

Vanquished Creatures (others)
  5 toadstools (D:1)
5 creatures vanquished.

Grand Total: 32 creatures vanquished

Notes
Turn   | Place    | Note
-------+----------+-------------------------------------------
     0 | D:1      | ilii the Gnoll Arcane Marksman began the quest for the Orb.
     0 | D:1      | Reached XP level 1. HP: 17/17 MP: 4/4
   264 | D:1      | Reached XP level 2. HP: 22/23 MP: 5/5
   929 | D:2      | Reached XP level 3. HP: 24/28 MP: 7/7
   969 | D:2      | Learned a level 3 spell: Inner Flame
   981 | D:2      | Found a runed door.
  1031 | D:2      | Found an iron altar of Okawaru.
  1050 | D:2      | Killed from afar by a jackal

Vault maps used:
D:1:      minmay_arrival_glassed_features, minmay_gold_behind_fungi
D:2:      okawaru_gym_becter, lemuel_doored_altar, fedhas_altar_1,
          kennysheep_small_spiral, uniq_crazy_yiuf_cottage, uniq_robin

Action                   || total
-------------------------++-------
Melee: Mace              ||    58
       Bite              ||     3
 Fire: Hand crossbow     ||    19
 Cast: Corona            ||     1
       Inner Flame       ||     2
  Eat: Chunk             ||     1
Armor: Leather armour    ||    16
Dodge: Dodged            ||    67

Table legend:
 A = Non-vault XP
 B = Vault XP
 C = Vault XP percentage of total XP
 D = Non-vault monster count
 E = Vault monster count
 F = Vault count percentage of total count
                 A         B        C        D         E       F
            +---------+---------+-------+---------+---------+-------
      Total |      47 |       0 |   0.0 |      27 |       0 |   0.0
            +---------+---------+-------+---------+---------+-------
        D:1 |      29 |       0 |   0.0 |      17 |       0 |   0.0
        D:2 |      18 |       0 |   0.0 |      10 |       0 |   0.0
            +---------+---------+-------+---------+---------+-------
